Map: Slaying Fields

Players

Loken

  • Race: Protoss Protoss
  • League: Platinum
  • Spawn Location: 11:00

dallaskuken

  • Race: Protoss Protoss
  • League: Platinum
  • Spawn Location: 12:00

Myran

  • Race: Protoss Protoss
  • Spawn Location: 9:00

Bart

  • Race: Terran Terran
  • League: Diamond
  • Spawn Location: 3:00

PROCURATOR

  • Race: Terran Terran
  • Spawn Location: 5:00

Honor

  • Race: Protoss Protoss
  • Spawn Location: 6:00

VOD

Have the link to the VOD?

Description

Time

  • Played on: April 4, 2017, 4:08 p.m.
  • Length: 11:38
Show
View Real Time Build Order
Export as new Build Order

Loken Protoss 

Build Orders:  

Get SALT Encoding   

  12  0:01  Probe (Chrono Boost)  
  13  0:11  Probe (Chrono Boost)  
  14  0:18  Pylon  
  14  0:22  Probe (Chrono Boost)  
  15  0:38  Gateway  
  15  0:44  Assimilator  
  15  0:45  Probe (Chrono Boost)  
  16  0:50  Assimilator  
  16  0:55  Probe (Chrono Boost)  
  17  1:09  Probe (Chrono Boost)  
  18  1:13  Gateway  
  18  1:20  Probe (Chrono Boost)  
  19  1:26  Cybernetics Core  
  19  1:30  Probe (Chrono Boost)  
  20  1:41  Pylon  
  20  1:46  Probe (Chrono Boost)  
  21  1:57  Probe (Chrono Boost)  
  21  1:59  Gateway  
  22  2:03  Warp Gate  
  22  2:07  Probe (Chrono Boost)  
  23  2:10  Stalker  
  25  2:18  Stalker  
  27  2:27  Pylon  
  27  2:40  Stalker  
  29  2:48  Stalker  
  31  2:52  Stalker  
  33  3:10  Stalker  
  35  3:13  Pylon  
  35  3:18  Stalker  
  37  3:24  Stalker  
  29  4:23  Adept x2, Nexus  
  29  4:24  Adept, Pylon  
  35  4:37  Twilight Council  
  35  4:51  Adept x3  
  33  5:17  Adept x2  
  33  5:18  Adept  
  27  5:44  Adept x3  
  27  5:48  Resonating Glaives  
  27  5:49  Probe (Chrono Boost)  
  30  5:52  Probe (Chrono Boost)  
  31  6:00  Probe (Chrono Boost)  
  31  6:03  Probe (Chrono Boost)  
  33  6:10  Probe (Chrono Boost)  
  34  6:13  Gateway  
  34  6:14  Probe (Chrono Boost)  
  34  6:15  Gateway  
  35  6:21  Probe (Chrono Boost)  
  36  6:29  Gateway  
  36  6:31  Probe (Chrono Boost)  
  36  6:32  Gateway  
  37  6:34  Probe (Chrono Boost)  
  38  6:43  Dark Shrine  
  38  6:45  Probe (Chrono Boost)  
  39  6:54  Stalker  
  39  6:55  Stalker x2, Probe (Chrono Boost)  
  39  7:00  Assimilator  
  46  7:02  Assimilator  
  46  7:06  Probe (Chrono Boost)  
  47  7:10  Probe (Chrono Boost)  
  48  7:21  Probe (Chrono Boost)  
  49  7:30  Adept x3  
  49  7:31  Adept x4  
  63  7:38  Probe (Chrono Boost)  
  64  7:48  Probe (Chrono Boost)  
  49  7:54  Stalker  
  49  7:55  Stalker x4  
  36  8:18  Dark Templar  
  36  8:19  Dark Templar x3  
  42  8:20  Dark Templar  
  35  8:40  Nexus  
  2  9:59  Probe (Chrono Boost)  
  3  10:09  Probe (Chrono Boost)  
  4  10:20  Probe (Chrono Boost)  
  5  10:30  Probe (Chrono Boost)  
  6  10:41  Probe (Chrono Boost)  
  7  10:51  Probe (Chrono Boost)  
  8  11:00  Pylon  
  8  11:02  Probe (Chrono Boost)  
  9  11:13  Probe (Chrono Boost)  
Show
View Real Time Build Order
Export as new Build Order

dallaskuken Protoss 

Build Orders:  

Get SALT Encoding   

  12  0:02  Probe (Chrono Boost)  
  13  0:12  Probe (Chrono Boost)  
  14  0:18  Pylon  
  14  0:24  Probe (Chrono Boost)  
  15  0:37  Gateway  
  15  0:39  Probe (Chrono Boost)  
  17  0:50  Probe (Chrono Boost)  
  17  0:55  Gateway  
  17  1:00  Probe (Chrono Boost)  
  18  1:11  Assimilator  
  18  1:21  Probe (Chrono Boost)  
  18  1:24  Zealot  
  21  1:29  Assimilator  
  21  1:32  Pylon  
  21  1:36  Probe (Chrono Boost)  
  22  1:41  Cybernetics Core  
  23  1:47  Probe (Chrono Boost)  
  23  1:57  Probe (Chrono Boost)  
  24  2:04  Warp Gate  
  24  2:08  Probe (Chrono Boost)  
  25  2:17  Stalker x2  
  25  2:20  Probe (Chrono Boost)  
  30  2:32  Pylon, Probe (Chrono Boost)  
  31  2:52  Stalker x2  
  35  3:01  Robotics Facility  
  35  3:03  Pylon  
  35  3:23  Pylon  
  27  4:14  Mothership Core (Chrono Boost)  
  27  4:15  Immortal  
  33  4:26  Gateway  
  33  4:28  Gateway  
  33  4:30  Gateway  
  33  4:33  Stalker  
  33  4:35  Nexus  
  33  4:37  Pylon  
  35  4:50  Adept  
  37  5:13  Adept x2  
  27  6:06  Adept x2  
  27  6:09  Immortal  
  35  6:17  Stalker x3  
  41  6:26  Probe (Chrono Boost)  
  41  6:31  Probe (Chrono Boost)  
  43  6:34  Adept x2  
  43  6:36  Probe (Chrono Boost)  
  48  6:40  Sentry  
  48  6:41  Sentry  
  48  6:43  Probe (Chrono Boost)  
  54  6:47  Probe (Chrono Boost)  
  54  6:53  Stalker  
  57  6:55  Probe (Chrono Boost)  
  57  6:57  Probe (Chrono Boost)  
  58  7:04  Zealot  
  58  7:07  Probe (Chrono Boost)  
  58  7:08  Probe (Chrono Boost)  
  62  7:11  Twilight Council  
  62  7:17  Assimilator  
  62  7:18  Probe (Chrono Boost)  
  62  7:19  Probe (Chrono Boost)  
  62  7:21  Assimilator  
  62  7:22  Immortal  
  64  7:29  Probe (Chrono Boost)  
  69  7:34  Adept x3  
  75  7:49  Pylon  
  75  7:51  Pylon  
  75  7:53  Pylon  
  75  8:06  Stalker  
  43  8:46  Stalker x2  
  43  8:47  Stalker x3  
  53  9:10  Stalker x3  
  53  9:11  Stalker x2  
  53  9:14  Gateway  
  53  9:15  Gateway  
  63  9:18  Probe (Chrono Boost)  
  63  9:21  Gateway  
  63  9:22  Immortal  
  64  9:29  Probe (Chrono Boost)  
  69  9:34  Stalker x2  
  69  9:35  Stalker x2  
  77  9:39  Probe (Chrono Boost)  
  76  10:16  Stalker  
  76  10:17  Stalker x4  
  80  11:03  Nexus  
  80  11:06  Stalker  
  80  11:07  Stalker x2  
Show
View Real Time Build Order
Export as new Build Order

Myran Protoss 

Build Orders:  

Get SALT Encoding   

  12  0:02  Probe (Chrono Boost)  
  13  0:24  Pylon, Probe (Chrono Boost)  
  14  0:35  Probe (Chrono Boost)  
  15  0:45  Probe (Chrono Boost)  
  15  0:47  Gateway  
  16  1:00  Probe (Chrono Boost)  
  17  1:11  Probe (Chrono Boost)  
  18  1:35  Zealot  
  20  1:53  Probe (Chrono Boost)  
  21  1:58  Cybernetics Core  
  21  2:02  Zealot  
  23  2:15  Pylon  
  23  2:33  Probe (Chrono Boost)  
  24  2:40  Assimilator  
  24  2:43  Assimilator, Probe (Chrono Boost)  
  24  2:44  Zealot  
  27  2:59  Probe (Chrono Boost)  
  27  3:03  Nexus  
  28  3:10  Probe (Chrono Boost)  
  29  3:15  Gateway  
  29  3:18  Pylon  
  29  3:23  Warp Gate  
  29  3:26  Stalker  
  31  3:36  Probe (Chrono Boost)  
  32  3:49  Pylon  
  32  3:56  Pylon  
  32  4:03  Stalker, Pylon  
  32  4:05  Zealot  
  36  4:13  Probe (Chrono Boost)  
  37  4:20  Probe (Chrono Boost)  
  38  4:30  Probe (Chrono Boost)  
  39  4:33  Gateway  
  39  4:39  Zealot  
  39  4:41  Probe (Chrono Boost)  
  32  5:06  Forge  
  32  5:11  Probe (Chrono Boost)  
  29  5:22  Probe (Chrono Boost)  
  25  5:32  Probe (Chrono Boost)  
  15  5:43  Probe (Chrono Boost)  
  15  5:47  Probe (Chrono Boost)  
  16  5:51  Pylon  
  16  5:54  Probe (Chrono Boost)  
  16  5:55  Photon Cannon  
  17  5:58  Probe (Chrono Boost)  
  18  6:04  Probe (Chrono Boost)  
  18  6:08  Probe (Chrono Boost)  
  19  6:15  Stalker x2  
  19  6:21  Probe (Chrono Boost)  
  19  6:24  Gateway  
  19  6:28  Photon Cannon  
  19  6:30  Photon Cannon  
  19  6:32  Probe (Chrono Boost)  
  2  8:23  Nexus  
  2  8:27  Pylon  
  2  9:35  Probe (Chrono Boost)  
  2  9:46  Probe (Chrono Boost)  
  3  10:00  Probe (Chrono Boost)  
  4  10:20  Probe (Chrono Boost)  
  5  10:38  Probe (Chrono Boost)  
  6  10:49  Probe (Chrono Boost)  
  7  11:00  Probe (Chrono Boost)  
  8  11:10  Probe (Chrono Boost)  
Show
View Real Time Build Order
Export as new Build Order

Bart Terran 

Build Orders: Cyclone Opening 

Get SALT Encoding   

  12  0:08  SCV  
  13  0:20  SCV, Supply Depot  
  14  0:32  SCV  
  14  0:35  Refinery  
  15  0:44  SCV  
  15  0:47  Barracks  
  16  0:56  SCV  
  17  1:00  Refinery  
  17  1:08  SCV  
  18  1:20  SCV  
  19  1:32  SCV  
  20  1:35  Factory  
  20  1:41  Barracks Reactor  
  20  1:45  Orbital Command  
  20  1:54  Supply Depot  
  20  2:11  SCV  
  21  2:24  SCV  
  21  2:27  Cyclone x2  
  28  2:36  SCV, Supply Depot  
  29  2:44  Engineering Bay  
  29  2:47  Marine  
  29  2:48  SCV  
  31  3:09  Widow Mine x2  
  35  3:15  Missile Turret  
  35  3:19  Marine  
  36  3:29  Factory  
  36  3:38  Barracks Tech Lab  
  36  3:41  Cyclone  
  39  3:55  Cyclone  
  39  4:25  Supply Depot  
  39  4:32  Supply Depot  
  39  4:47  SCV, Siege Tank, Cyclone  
  46  4:59  SCV  
  46  5:29  Cyclone x2, Siege Tank  
  46  5:33  SCV  
  44  5:59  SCV  
  44  6:00  Starport  
  45  6:11  SCV  
  46  6:35  Command Center  
  46  6:36  Cyclone x2  
  46  6:39  Starport Reactor  
  52  6:57  SCV, Supply Depot  
  52  6:59  Missile Turret  
  53  7:07  Widow Mine  
  55  7:11  Supply Depot  
  55  7:18  Widow Mine  
  55  7:19  SCV, Siege Tank  
  61  8:15  Cyclone x2  
  61  8:19  Viking x2  
  71  8:22  Orbital Command  
  71  8:31  SCV  
  60  8:43  SCV  
  57  8:51  Widow Mine  
  57  8:52  Widow Mine, Siege Tank  
  64  8:56  SCV  
  64  9:01  Armory  
  65  9:07  Refinery  
  65  9:09  Refinery  
  61  9:20  Missile Turret  
  61  9:21  SCV  
  61  9:22  SCV  
  63  9:25  Liberator  
  63  9:33  SCV  
  63  9:34  SCV  
  65  9:42  Command Center  
  68  9:46  Viking, SCV x2  
  68  9:50  Supply Depot  
  72  9:59  Supply Depot  
  72  10:01  SCV x2, Supply Depot  
  74  10:07  Thor  
  74  10:13  SCV  
  81  10:16  Factory  
  81  10:24  Hellbat x2  
  85  10:57  Planetary Fortress  
  85  11:01  Missile Turret  
  85  11:05  Refinery  
  85  11:06  Refinery  
  85  11:31  Factory Tech Lab  
Show
View Real Time Build Order
Export as new Build Order

PROCURATOR Terran 

Build Orders: Cyclone Opening 

Get SALT Encoding   

  12  0:01  SCV  
  13  0:13  SCV  
  14  0:19  Supply Depot  
  14  0:28  Refinery, SCV  
  15  0:40  SCV  
  16  0:47  Barracks  
  16  0:53  SCV  
  17  0:59  Refinery  
  17  1:07  Supply Depot  
  17  1:10  SCV  
  18  1:22  SCV  
  19  1:34  SCV  
  19  1:37  Factory  
  20  1:46  Barracks Reactor  
  20  1:47  SCV  
  21  1:59  SCV  
  22  2:11  Orbital Command  
  22  2:32  Cyclone x2  
  28  2:37  Marine  
  29  2:44  SCV, Engineering Bay  
  30  3:05  Supply Depot  
  30  3:13  Missile Turret  
  30  3:22  Supply Depot  
  30  3:26  Cyclone x2  
  36  3:31  Marine  
  37  3:49  Marine  
  38  3:59  Cyclone  
  41  4:03  Cyclone  
  41  4:07  Marine  
  45  4:24  Marine  
  46  4:42  Marine, Cyclone  
  47  4:53  Cyclone  
  44  5:00  Marine  
  44  5:14  Cyclone  
  47  5:26  Marine  
  46  5:44  Marine, Cyclone  
  46  5:46  Cyclone  
  43  6:02  Marine  
  44  6:16  Cyclone  
  47  6:26  Marine, Cyclone  
  51  6:44  Marine  
  50  6:48  Cyclone  
  53  6:54  SCV  
  53  6:58  Cyclone  
  57  7:01  Marine  
  57  7:06  SCV  
  59  7:19  Marine  
  59  7:21  Cyclone  
  63  7:30  Cyclone  
  66  7:37  Marine  
  60  7:55  Marine  
  61  7:59  Cyclone  
  61  8:02  Cyclone  
  60  8:13  Marine  
  51  8:31  Marine, Cyclone  
  37  8:49  Marine  
  37  8:50  Missile Turret  
  37  8:52  Missile Turret  
  37  8:53  SCV, Starport  
  39  8:57  Cyclone  
  42  9:04  Cyclone  
  42  9:06  Marine  
  46  9:24  Marine  
  46  9:31  Command Center  
  47  9:36  Cyclone  
  47  9:37  SCV  
  47  9:38  Refinery x2  
  51  9:40  Starport Tech Lab  
  51  9:43  Missile Turret  
  51  9:44  Missile Turret  
  51  9:49  SCV  
  52  9:58  Raven  
  54  10:04  SCV  
  54  10:06  Missile Turret  
  55  10:13  Marine  
  56  10:16  SCV  
  57  10:27  Cyclone  
  60  10:29  SCV  
  60  10:31  Marine  
  62  10:41  SCV  
  63  10:43  Planetary Fortress  
  63  10:49  Marine  
  64  10:53  SCV, Cyclone  
  68  11:05  SCV  
  69  11:17  SCV  
Show
View Real Time Build Order
Export as new Build Order

Honor Protoss 

Build Orders:  

Get SALT Encoding   

  12  0:02  Probe (Chrono Boost)  
  13  0:14  Pylon  
  13  0:20  Probe (Chrono Boost)  
  14  0:30  Probe (Chrono Boost)  
  15  0:37  Forge  
  15  0:46  Pylon  
  15  0:55  Pylon  
  15  1:02  Pylon  
  15  1:18  Photon Cannon  
  15  1:25  Pylon  
  15  1:39  Photon Cannon  
  14  1:56  Assimilator  
  14  1:58  Assimilator  
  14  2:00  Gateway  
  14  2:04  Probe (Chrono Boost)  
  15  2:14  Probe (Chrono Boost)  
  16  2:25  Probe (Chrono Boost)  
  17  2:30  Pylon  
  17  2:35  Probe (Chrono Boost)  
  18  2:46  Probe (Chrono Boost)  
  19  2:55  Cybernetics Core  
  19  2:56  Probe (Chrono Boost)  
  20  3:06  Photon Cannon  
  20  3:07  Probe (Chrono Boost)  
  21  3:19  Photon Cannon  
  21  3:21  Probe (Chrono Boost)  
  22  3:33  Mothership Core (Chrono Boost)  
  22  4:20  Pylon  
  22  4:26  Probe (Chrono Boost)  
  23  4:36  Probe (Chrono Boost)  
  24  4:39  Stargate  
  24  4:47  Probe (Chrono Boost)  
  24  4:50  Stargate  
  25  4:57  Probe (Chrono Boost)  
  26  5:00  Pylon  
  26  5:21  Void Ray  
  30  5:29  Void Ray  
  34  5:57  Nexus  
  34  6:18  Photon Cannon  
  34  6:20  Assimilator  
  34  6:24  Void Ray  
  38  6:43  Void Ray  
  42  6:49  Protoss Air Weapons Level 1  
  42  7:17  Void Ray  
  46  7:26  Void Ray  
  50  8:00  Void Ray  
  50  8:03  Probe (Chrono Boost)  
  55  8:13  Probe (Chrono Boost)  
  56  8:24  Probe (Chrono Boost)  
  57  8:27  Void Ray  
  61  8:34  Probe (Chrono Boost)  
  61  8:39  Photon Cannon  
  62  8:42  Photon Cannon  
  62  8:43  Pylon  
  62  8:49  Assimilator  
  62  9:01  Void Ray  
  62  9:02  Probe (Chrono Boost)  
  67  9:23  Probe (Chrono Boost)  
  68  9:30  Stargate  
  68  10:00  Pylon, Probe (Chrono Boost)  
  69  10:07  Pylon  
  69  10:08  Void Ray  
  69  10:11  Void Ray, Probe (Chrono Boost)  
  67  10:21  Probe (Chrono Boost)  
  67  10:35  Void Ray  
  71  10:38  Probe (Chrono Boost)  
  72  10:51  Void Ray  
Tags
 
Add a new tag
Caveats
  • Supply blocks, unpowered buildings, or Contaminate may cause inaccurate times.
  • Supply counts are checked every 10 seconds.